Map: Oxide LE

Players

Lambo

  • Race: Zerg Zerg

ShaDoWn - Winner!

  • Race: Protoss Protoss

Event: DreamHack SC2 Masters 2021 Fall

VOD

Have the link to the VOD?

Description

Time

  • Played on: Aug. 7, 2021, 1:56 p.m.
  • Length: 12:31

All games in this series

Show
View Real Time Build Order
Export as new Build Order

Lambo Zerg 

Build Orders: Hatch First 

Get SALT Encoding   

  12  0:00  Drone  
  13  0:12  Overlord  
  13  0:17  Drone  
  14  0:31  Drone x2  
  17  0:42  Drone  
  17  0:51  Hatchery  
  17  0:54  Drone  
  17  0:57  Drone  
  18  1:08  Extractor  
  17  1:12  Spawning Pool  
  17  1:14  Drone  
  17  1:18  Drone  
  18  1:28  Drone  
  19  1:38  Drone  
  20  1:49  Overlord  
  20  1:58  Queen  
  22  2:03  Queen, Drone  
  22  2:04  Zergling x2  
  22  2:08  Metabolic Boost  
  26  2:11  Zergling x2  
  26  2:15  Drone  
  29  2:22  Drone  
  29  2:25  Drone  
  30  2:33  Hatchery  
  30  2:35  Drone  
  30  2:38  Drone  
  31  2:46  Drone  
  31  2:48  Overlord  
  32  2:53  Queen  
  32  2:54  Drone  
  35  2:59  Drone  
  35  3:05  Overlord  
  36  3:06  Queen  
  36  3:10  Drone  
  36  3:11  Drone  
  40  3:14  Drone x2  
  40  3:18  Drone x2  
  44  3:23  Overlord  
  44  3:28  Drone  
  44  3:31  Queen  
  47  3:36  Overlord  
  47  3:42  Overlord  
  47  3:46  Drone x6  
  52  3:51  Queen  
  52  3:53  Zergling x2  
  55  3:56  Overlord  
  55  4:01  Drone  
  56  4:03  Zergling x6  
  59  4:11  Spore Crawler  
  59  4:14  Zergling x4  
  59  4:18  Drone x4  
  62  4:26  Drone x3  
  62  4:28  Drone x2  
  66  4:35  Roach Warren, Drone  
  66  4:38  Drone  
  67  4:40  Drone  
  68  4:47  Extractor  
  68  4:49  Drone x2  
  68  4:50  Extractor, Drone  
  68  4:52  Drone  
  70  4:56  Drone x3  
  70  4:58  Lair  
  72  5:00  Queen  
  72  5:04  Queen  
  72  5:05  Drone  
  77  5:08  Drone x2  
  77  5:10  Drone x2  
  77  5:12  Extractor  
  77  5:14  Drone  
  81  5:15  Overlord  
  81  5:19  Overlord  
  81  5:21  Overlord  
  81  5:24  Extractor, Drone  
  81  5:26  Extractor  
  81  5:28  Overlord  
  80  5:29  Drone  
  80  5:30  Evolution Chamber, Overlord  
  80  5:34  Drone x3  
  83  5:36  Queen, Drone  
  83  5:38  Drone x2  
  83  5:40  Drone x2  
  83  5:41  Drone  
  90  5:43  Drone  
  90  5:48  Drone x2  
  93  5:53  Overlord  
  93  5:55  Zerg Missile Weapons Level 1  
  93  5:57  Overlord  
  93  5:58  Roach x3  
  93  5:59  Glial Reconstitution  
  93  6:01  Overlord  
  99  6:05  Roach x2  
  99  6:10  Roach x3  
  108  6:14  Queen  
  108  6:15  Queen  
  109  6:19  Roach  
  109  6:20  Roach  
  113  6:27  Overlord  
  113  6:31  Roach x5  
  123  6:38  Roach x5  
  132  6:40  Spore Crawler  
  132  6:46  Spore Crawler  
  131  6:47  Drone  
  131  6:48  Drone x2  
  131  6:49  Ravager x5  
  131  6:50  Ravager  
  131  6:52  Roach x2  
  143  6:54  Roach  
  143  6:55  Ravager x2, Roach  
  143  6:58  Queen  
  143  7:00  Roach  
  153  7:05  Ravager, Overlord  
  153  7:08  Overlord  
  154  7:09  Overlord  
  154  7:14  Overlord  
  154  7:16  Overlord  
  154  7:23  Queen  
  154  7:27  Roach x7  
  168  7:32  Ravager x4  
  168  7:33  Roach x2  
  174  7:38  Roach x3  
  175  7:49  Roach x7  
  175  7:52  Queen  
  175  7:56  Roach x3  
  175  7:57  Roach  
  183  7:58  Roach  
  183  8:01  Roach  
  183  8:03  Queen  
  169  8:15  Infestation Pit  
  169  8:16  Hydralisk Den  
  169  8:19  Queen  
  167  8:20  Zerg Missile Weapons Level 2  
  167  8:29  Hatchery  
  166  8:44  Overlord  
  166  8:52  Hydralisk x7, Hive  
  166  8:55  Hydralisk  
  178  9:01  Hydralisk  
  182  9:07  Hatchery  
  180  9:12  Hydralisk x2  
  180  9:13  Extractor, Hydralisk  
  180  9:15  Extractor  
  184  9:24  Hydralisk x2  
  152  9:31  Hydralisk x2  
  152  9:34  Drone x3  
  148  9:44  Muscular Augments  
  148  9:45  Evolution Chamber  
  147  9:46  Queen x2  
  147  9:49  Drone x3  
  147  9:51  Drone  
  155  9:53  Zergling x2  
  156  10:03  Drone x4  
  156  10:05  Drone  
  161  10:11  Zergling x10  
  166  10:22  Queen  
  162  10:28  Viper x3  
  162  10:38  Viper  
  162  10:39  Queen x2  
  167  10:44  Drone x10  
  162  10:57  Hydralisk  
  162  10:58  Hydralisk x3  
  162  11:03  Hydralisk x2  
  174  11:05  Overseer  
  174  11:13  Hydralisk x4  
  174  11:15  Queen  
  184  11:26  Hydralisk x3  
  190  11:34  Hatchery  
  164  11:41  Hydralisk x8  
  164  11:44  Hydralisk  
  164  11:48  Hydralisk x3  
  164  11:54  Hydralisk x2  
  158  11:56  Hydralisk  
  156  12:01  Hydralisk  
  156  12:02  Hydralisk x2  
  156  12:04  Hydralisk  
  156  12:06  Hydralisk  
Show
View Real Time Build Order
Export as new Build Order

ShaDoWn Protoss - Winner!

Build Orders: 1 Gate Expand, Oracle Opening, Carriers 

Get SALT Encoding   

  12  0:00  Probe  
  13  0:12  Probe  
  14  0:19  Pylon  
  14  0:24  Probe  
  15  0:37  Probe (Chrono Boost)  
  15  0:40  Gateway  
  16  0:47  Probe (Chrono Boost)  
  17  0:50  Assimilator  
  17  0:52  Probe (Chrono Boost)  
  18  1:03  Probe  
  19  1:15  Probe  
  20  1:25  Nexus  
  20  1:35  Cybernetics Core  
  20  1:38  Probe  
  21  1:44  Assimilator  
  21  1:50  Probe  
  21  1:53  Pylon  
  22  2:02  Probe (Chrono Boost)  
  23  2:11  Adept  
  23  2:15  Probe (Chrono Boost)  
  26  2:17  Stargate  
  26  2:20  Probe (Chrono Boost)  
  27  2:27  Warp Gate  
  27  2:29  Probe (Chrono Boost)  
  28  2:39  Probe (Chrono Boost)  
  28  2:40  Probe (Chrono Boost)  
  28  2:41  Adept  
  32  2:47  Probe (Chrono Boost)  
  32  2:48  Probe (Chrono Boost)  
  34  2:52  Probe (Chrono Boost)  
  34  2:54  Void Ray (Chrono Boost)  
  34  2:55  Probe  
  36  3:04  Probe  
  41  3:07  Probe  
  41  3:09  Pylon  
  42  3:16  Probe  
  42  3:19  Probe  
  44  3:21  Gateway  
  44  3:27  Oracle (Chrono Boost)  
  44  3:28  Probe  
  44  3:31  Probe  
  49  3:40  Probe  
  50  3:48  Probe  
  50  3:51  Pylon  
  50  3:52  Probe  
  51  4:00  Nexus, Probe  
  51  4:02  Pylon  
  52  4:08  Probe  
  52  4:09  Oracle  
  56  4:15  Probe (Chrono Boost)  
  57  4:20  Probe (Chrono Boost)  
  57  4:21  Assimilator, Zealot  
  57  4:22  Assimilator  
  58  4:32  Probe x2 (Chrono Boost)  
  58  4:35  Protoss Air Weapons Level 1  
  58  4:37  Probe (Chrono Boost)  
  60  4:38  Probe (Chrono Boost)  
  60  4:40  Forge  
  60  4:44  Stargate  
  60  4:46  Probe  
  60  4:48  Shield Battery  
  60  4:50  Probe  
  62  4:58  Probe  
  61  5:00  Void Ray  
  61  5:02  Probe  
  66  5:11  Probe  
  66  5:12  Pylon  
  66  5:14  Probe (Chrono Boost)  
  68  5:16  Probe (Chrono Boost)  
  69  5:22  Void Ray  
  69  5:26  Assimilator x2, Probe (Chrono Boost)  
  69  5:28  Photon Cannon, Probe (Chrono Boost)  
  76  5:32  Probe (Chrono Boost)  
  76  5:33  Robotics Facility, Probe (Chrono Boost)  
  78  5:36  Probe (Chrono Boost)  
  78  5:39  Void Ray, Probe  
  78  5:40  Probe  
  79  5:45  Pylon  
  79  5:49  Probe (Chrono Boost)  
  84  5:52  Pylon, Probe (Chrono Boost)  
  84  5:55  Probe (Chrono Boost)  
  86  5:58  Pylon  
  86  6:03  Probe (Chrono Boost)  
  86  6:04  Probe (Chrono Boost)  
  89  6:06  Probe (Chrono Boost)  
  89  6:07  Probe (Chrono Boost)  
  90  6:11  Stargate, Probe  
  90  6:13  Fleet Beacon  
  90  6:15  Probe  
  92  6:18  Probe  
  92  6:22  Robotics Bay  
  92  6:23  Observer (Chrono Boost), Probe  
  95  6:29  Photon Cannon  
  95  6:41  Nexus  
  95  6:42  Pylon, Photon Cannon  
  95  6:44  Photon Cannon  
  95  6:46  Shield Battery  
  95  6:51  Pylon  
  95  6:57  Carrier x2 (Chrono Boost)  
  107  7:07  Photon Cannon  
  107  7:09  Pylon, Disruptor (Chrono Boost), Photon Cannon  
  107  7:10  Shield Battery  
  110  7:17  Pylon  
  110  7:18  Void Ray  
  110  7:20  Pylon  
  114  7:37  Disruptor (Chrono Boost)  
  114  7:41  Stalker x2  
  121  7:48  Void Ray x2  
  116  7:56  Void Ray  
  124  7:58  Pylon  
  124  8:00  Disruptor (Chrono Boost)  
  124  8:03  Probe  
  127  8:08  Probe  
  120  8:22  Zealot x2  
  124  8:28  Disruptor (Chrono Boost)  
  125  8:44  Assimilator x2  
  125  8:45  Shield Battery  
  125  8:46  Photon Cannon  
  125  8:47  Pylon, Photon Cannon  
  125  8:48  Observer, Photon Cannon  
  125  8:49  Photon Cannon  
  125  8:59  Pylon, Void Ray (Chrono Boost)  
  125  9:00  Nexus  
  125  9:03  Photon Cannon  
  132  9:11  Probe  
  132  9:14  Carrier (Chrono Boost)  
  136  9:18  Probe  
  134  9:24  Protoss Air Weapons Level 2 (Chrono Boost)  
  134  9:27  Probe  
  132  9:36  Probe  
  132  9:37  Probe  
  140  9:39  Probe  
  137  9:48  Probe  
  137  9:49  Carrier (Chrono Boost), Probe  
  137  9:52  Photon Cannon, Probe  
  140  10:01  Probe  
  140  10:04  Pylon  
  141  10:09  Carrier (Chrono Boost)  
  141  10:11  Carrier (Chrono Boost), Probe x2  
  141  10:13  Pylon, Probe  
  156  10:22  Probe  
  156  10:23  Probe  
  156  10:26  Probe  
  159  10:34  Probe  
  156  10:37  Probe  
  156  10:38  Probe  
  156  10:40  Gateway  
  156  10:42  Gateway  
  164  10:44  Twilight Council, Carrier (Chrono Boost)  
  164  10:50  Assimilator  
  164  10:54  Assimilator, Photon Cannon  
  164  10:57  Shield Battery  
  164  10:59  Photon Cannon  
  170  11:08  Carrier (Chrono Boost)  
  170  11:16  Pylon  
  170  11:18  Pylon  
  170  11:19  Pylon  
  170  11:25  Templar Archives  
  162  11:58  Probe  
  159  12:03  Nexus  
  159  12:06  Pylon  
  165  12:09  Probe  
  165  12:13  Pylon  
  166  12:16  Probe  

Tags
 
Add a new tag
Caveats
  • Supply blocks, unpowered buildings, or Contaminate may cause inaccurate times.
  • Supply counts are checked every 10 seconds.